 Dungeon Crawl Stone Soup version 0.20.0-15-g7f486f2 (webtiles) character file.

261960 theclanless the Bringer of Light (level 19, -8/107 HPs)
             Began as a Vine Stalker Fighter on June 9, 2017.
             Was the Champion of the Shining One.
             Mangled by a trident of venom (10 damage)
             ... on level 2 of the Elven Halls on June 11, 2017.
             The game lasted 03:19:39 (33272 turns).

theclanless the Bringer of Light (VSFi)            Turns: 33272, Time: 03:19:40

Health: -8/107     AC: 21    Str: 25    XL:     19   Next: 97%
Magic:  0/31       EV: 23    Int: 13    God:    the Shining One [******]
Gold:   924        SH: 21    Dex: 19    Spells: 11/18 levels left

rFire    + . .     SeeInvis .   a - +8 dagger (flame)
rCold    . . .     Gourm    .   f - +0 large shield
rNeg     + + +     Faith    .   c - +1 swamp dragon scales
rPois    +         Spirit   +   B - +1 hat
rElec    +         Reflect  .   S - scarf {cloud immunity}
rCorr    .         Harm     .   y - +2 pair of gloves {Dex+3}
MR       +++..     Clarity  +   p - +2 pair of boots
Stlth    +.........             D - amulet of the Air {Inacc +Fly rElec EV+5 RMsl}
Regen    1.1/turn               A - +4 ring of slaying
MPRegen  0.3/turn               r - ring "Poczoil" {rF+ Int+7}

@: glowing, repel missiles
A: fangs 3, hooves 1, horns 1, yellow scales 1, blink, clarity, dopey 1, magic
resistance 1, sense surroundings 1, poison resistance, regeneration 2, evolution
1, magic shield, antimagic bite, no potion heal 3, rot immunity, subdued magic
1, MP-powered wands
}: 2/15 runes: decaying, serpentine
a: Blink, Divine Shield, Cleansing Flame, Summon Divine Warrior, Brand Weapon
With Holy Wrath, Renounce Religion, Evoke Flight


You were on level 2 of the Elven Halls.
You worshipped the Shining One.
The Shining One was exalted by your worship.
You were hungry.

You visited 7 branches of the dungeon, and saw 34 of its levels.
You also visited: Labyrinth and Trove.

You collected 3478 gold pieces.
You spent 2541 gold pieces at shops.
You donated 13 gold pieces to Zin.

Inventory:

Hand Weapons
 a - a +8 dagger of flaming (weapon)
 b - a +0 fustibalus of flaming
Missiles
 v - 955 stones (quivered)
 x - 186 sling bullets
Armour
 c - +1 swamp dragon scales (worn)
 f - a +0 large shield (worn)
 p - a +2 pair of boots (worn)
 u - a +0 shield of reflection
 y - a +2 pair of gloves of dexterity (worn)
 B - a +1 hat (worn)
 O - the +1 helmet of Asakirr {MP+9}
   (You bought it in a shop on level 8 of the Dungeon)

   It affects your magic capacity (+9).
 S - a scarf of cloud immunity (worn)
Jewellery
 k - an uncursed ring of protection from fire
 n - the ring of Sif Muna's Esteem {+Fly Dex+2}
   (You found it on level 11 of the Dungeon)

   [ring of flight]

   It affects your dexterity (+2).
   It lets you fly.
 r - the ring "Poczoil" (right hand) {rF+ Int+7}
   (You found it on level 6 of the Lair of Beasts)

   [ring of protection from fire]

   It affects your intelligence (+7).
   It protects you from fire.
 w - an uncursed amulet of rage
 A - a +4 ring of slaying (left hand)
 D - the amulet of the Air (around neck) {Inacc +Fly rElec EV+5 RMsl}
   (You found it on level 11 of the Dungeon)

   [amulet of inaccuracy]

   It reduces the accuracy of all your attacks.
   It affects your evasion (+5).
   It insulates you from electricity.
   It lets you fly.
   It protects you from missiles.
 K - an uncursed ring of resist corrosion
Wands
 L - a wand of digging (10/24)
 M - a wand of acid (9/15)
 T - a wand of iceblast (9/15)
Scrolls
 e - 11 scrolls of identify
 i - 7 scrolls of remove curse
 j - 5 scrolls of immolation
 l - 2 scrolls of amnesia
 C - 8 scrolls of magic mapping
 E - 4 scrolls of teleportation
 F - 2 scrolls of fear
 G - 3 scrolls of holy word
 H - 8 scrolls of fog
 P - 4 scrolls of recharging
 Z - 2 scrolls of silence
Potions
 h - a potion of haste
 m - a potion of might
 o - 3 potions of brilliance
 q - a potion of mutation
 s - a potion of curing
 t - 7 potions of flight
 z - 3 potions of agility
 V - 3 potions of cancellation
Miscellaneous
 J - a box of beasts
 N - a phial of floods
 Y - a fan of gales (inert)
Comestibles
 d - 35 royal jellies
 g - 5 chunks of flesh


   Skills:
 * Level 14.4 Fighting
 * Level 14.6 Short Blades
 - Level 2.7 Slings
 + Level 9.9 Armour
 + Level 10.9 Dodging
 - Level 2.3 Stealth
 * Level 14.3 Shields
 - Level 0.2 Spellcasting
 * Level 14.8 Invocations
 - Level 4.2 Evocations


You had 11 spell levels left.
You knew the following spells:

 Your Spells              Type           Power        Failure   Level  Hunger
a - Infusion              Chrm           #...         83%         1    ##.....
p - Passwall              Tmut/Erth      #.........   93%         2    ###....
z - Lesser Beckoning      Tloc           #.........   99%         3    ####...
A - Apportation           Tloc           #.....       83%         1    ##.....


Dungeon Overview and Level Annotations

Branches:
Dungeon (15/15)            Temple (1/1) D:4            Lair (6/6) D:10
  Swamp (4/4) Lair:3        Snake (4/4) Lair:2        Slime (0/5) Lair:6
    Orc (2/2) D:11            Elf (2/3) Orc:2        Vaults (0/5) D:14
 Depths (0/5) D:15

Altars:
Ashenzari
Cheibriados
Dithmenos
Elyvilon
Fedhas
Gozag
Hepliaklqana
Kikubaaqudgha
Makhleb
Nemelex Xobeh
Okawaru
Qazlal
Ru
Sif Muna
Trog
Uskayaw
Vehumet
Xom
Yredelemnul
Zin
The Shining One
Beogh

Shops:
D:4 (   D:8 *   D:9 (   D:13 ?   D:14 *   Orc:1 [   Orc:2 %[[%   Elf:1 }
Snake:4 ?*([


Innate Abilities, Weirdness & Mutations

You have razor-sharp teeth.
You heal very quickly.
When hurt, damage is shared between your health and your magic reserves.
Your bite disrupts and absorbs the magic of your enemies.
Potions cannot restore your health.
You are immune to rotting.
You have large cloven feet.
You have a pair of small horns on your head.
You are partially covered in yellow scales. (AC +2)
You can translocate small distances at will.
You possess an exceptional clarity of mind.
You are dopey. (Int -2)
You are resistant to hostile enchantments. (MR+)
You passively map a small area around you.
Your system is resistant to poisons. (rPois)
You evolve.
Your spells are a little easier to cast, but a little less powerful.
You expend magic power (3 MP) to strengthen your wands.


Message History

The scimitar of electrocution hits you.
* * * LOW HITPOINT WARNING * * *
Unknown command.
You hit the scimitar of electrocution but do no damage.
Your bite misses the scimitar of electrocution.
The scimitar of electrocution is moderately damaged.
The scimitar of electrocution hits you but does no damage.
The trident of venom barely misses you.
You hit the scimitar of electrocution but do no damage.
Your headbutt misses the scimitar of electrocution.
Your bite misses the scimitar of electrocution.
The scimitar of electrocution is moderately damaged.
The scimitar of electrocution closely misses you.
The scimitar of electrocution hits you! The Shining One protects you from harm!
The battleaxe of venom barely misses your daeva.
Your daeva hits the battleaxe of venom with an eudemon blade of holy wrath!
The battleaxe of venom falls from the air.
The trident of venom hits you from afar!
You die...

.).###..........+#####.......####
.................# #.......#
.................# ###...### #
.................# #...# ##
................## #...# ##.
...............## ##### ##.#
...........#...## ####'##
..........###..(## #...##
.........## ##.)@# ##...##
..........###.A(## #.....#
...........#.)(## ##...##
...........).## #...'##
.............(## ##+##.#
.............(.# #.###.
..............## #.# ##
.........)...## #.# #
.............## #.#


You could see 3 dancing weapons and a friendly daeva.

Vanquished Creatures
  Saint Roka (Snake:3)
  Jorgrun (Snake:3)
  6 thorn hunters
  A sphinx (D:11)
  Donald (Elf:2)
  8 nagarajas (Snake:4)
  A fire giant (D:14)
  A frost giant (D:14)
  An orc warlord (Orc:1)
  Aizul (Snake:3)
  A deep elf annihilator (Elf:1)
  A minotaur (Lab)
  A fire dragon (D:14)
  Josephine (Lair:6)
  2 deep elf high priests
  29 hydras
  9 naga warriors
  2 centaur warriors
  2 death knights (D:13)
  15 anacondas
  7 alligators
  10 dancing weapons
  6 two-headed ogres
  A ghost crab (Swamp:3)
  2 tengu warriors
  An ogre mage (D:15)
  8 death yaks
  6 orc high priests
  6 shock serpents
  A deep troll earth mage (D:11)
  16 naga sharpshooters
  7 deep elf knights
  Nergalle (Lair:1)
  A shock serpent (shapeshifter) (Elf:1)
  2 skeletal warriors (D:13)
  2 wizards (D:14)
  A flayed ghost (D:14)
  9 naga ritualists
  4 salamander mystics
  13 swamp dragons
  2 spriggan druids
  An unseen horror (D:13)
  3 shambling mangroves
  2 deep elf archers
  A phantasmal warrior (D:13)
  Pikel (D:4)
  A necromancer (D:14)
  A wolf spider (shapeshifter) (Elf:2)
  An orc knight (D:12)
  15 ugly things
  A mana viper (shapeshifter) (D:15)
  11 mana vipers
  2 orc sorcerers
  37 deep elf magi
  A cyclops (D:13)
  8 salamanders
  A wolf spider (D:15)
  24 elephants
  A torpor snail (Lair:6)
  11 naga magi
  2 centaur zombies
  12 guardian serpents
  2 gargoyles
  45 black mambas
  21 spiny frogs
  2 rime drakes
  A rime drake (shapeshifter) (Elf:1)
  11 komodo dragons
  A queen bee (Lair:1)
  A merfolk (D:15)
  8 tyrant leeches
  4 polar bears (Lair:6)
  3 tengu conjurers
  A minotaur skeleton (Lab)
  7 trolls
  9 blink frogs
  18 bog bodies
  The ghost of Caiaphas the Spear-Bearer, an amateur MfGl of Yredelemnul (D:5)
  24 slime creatures
  10 hornets
  11 hippogriffs
  8 dream sheep
  18 spriggans
  A human (D:10)
  An air elemental (Elf:1)
  3 shadows
  37 yaks
  Grum (D:10)
  7 wraiths
  A fire elemental (Elf:1)
  3 hogs (D:10)
  4 wyverns
  A yak (shapeshifter) (D:14)
  3 basilisks
  11 vampire mosquitoes
  5 hungry ghosts
  8 wargs
  20 swamp worms
  Duvessa (D:4)
  44 nagas
  10 water moccasins
  An acid dragon (D:13)
  10 porcupines
  30 orc warriors
  An eye of draining (D:14)
  11 swamp drakes
  4 sky beasts
  12 ogres
  7 black bears
  5 phantoms
  4 ice beasts
  A hornet zombie (D:15)
  A necrophage (D:11)
  5 boggarts (Lair:6)
  41 wolves
  7 centaurs
  2 big kobolds (D:14)
  14 crocodiles
  24 bullfrogs
  An earth elemental (Elf:2)
  Dowan (D:4)
  3 scorpions
  32 killer bees
  7 wights (D:14)
  An electric eel (D:14)
  A vampire bat (Lair:1)
  A howler monkey (D:5)
  4 crimson imps
  3 bullfrog zombies
  17 jellies
  27 orc wizards
  38 orc priests
  9 hounds
  6 bullfrog skeletons
  6 centaur skeletons
  6 iguanas
  7 worker ants
  A killer bee zombie (D:9)
  A hound zombie (D:9)
  Robin (D:2)
  3 gnolls (D:7)
  A howler monkey skeleton (D:4)
  5 river rats (D:5)
  12 adders
  2 shadow imps
  An adder zombie (D:5)
  2 oozes
  An adder skeleton (D:6)
  A worm (D:2)
  3 dart slugs
  7 leopard geckos
  109 orcs
  17 bats
  3 giant cockroaches
  17 goblins
  7 hobgoblins
  9 jackals
  11 quokkas
  2 ball pythons
  5 frilled lizards
  A giant cockroach zombie (D:6)
  A jackal skeleton (D:5)
  20 kobolds
  A leopard gecko zombie (D:8)
  23 rats
  A plant (Lair:2)
1313 creatures vanquished.

Vanquished Creatures (collateral kills)
  A dancing weapon (Elf:2)
  A shambling mangrove (Swamp:2)
  4 hornets
  A swamp drake (Swamp:4)
  An electric eel (Lair:1)
  A jelly (Lair:6)
9 creatures vanquished.

Vanquished Creatures (others)
  A swamp dragon (Swamp:4)
  A shambling mangrove (Swamp:4)
  A tyrant leech (Swamp:3)
  A swamp worm (Swamp:4)
  A naga (Snake:4)
  A swamp drake (Swamp:4)
  An adder (D:4)
  An orc (Snake:3)
  A briar patch (Swamp:4)
  A bush (Lair:6)
  4 fungi
  3 plants
17 creatures vanquished.

Grand Total: 1339 creatures vanquished

Notes
Turn   | Place    | Note
-------+----------+-------------------------------------------
     0 | D:1      | theclanless the Vine Stalker Fighter began the quest for the Orb.
     0 | D:1      | Reached XP level 1. HP: 11/11 MP: 2/2
    63 | D:1      | Reached XP level 2. HP: 16/16 MP: 3/3
   137 | D:1      | Reached skill level 1 in Stealth
   273 | D:1      | Reached XP level 3. HP: 14/20 MP: 4/4
  1086 | D:2      | Noticed Robin
  1109 | D:2      | Reached skill level 1 in Dodging
  1129 | D:2      | Killed Robin
  1129 | D:2      | Gained mutation: Your natural rate of healing is unusually fast. [Vine Stalker growth]
  1129 | D:2      | Reached XP level 4. HP: 21/24 MP: 5/5
  1550 | D:3      | Found a glowing silver altar of Zin.
  1551 | D:3      | Noticed an angel
  1558 | D:3      | Became a worshipper of Zin the Law-Giver
  1674 | D:3      | Reached * piety under Zin
  1717 | D:3      | Reached skill level 1 in Invocations
  1717 | D:3      | Reached XP level 5. HP: 24/28 MP: 6/6
  1755 | D:3      | Found a basalt altar of Yredelemnul.
  2003 | D:3      | Found a sacrificial altar of Ru.
  2272 | D:4      | Found a staircase to the Ecumenical Temple.
  2281 | Temple   | Entered the Ecumenical Temple
  2460 | Temple   | Fell from the grace of Zin
  2460 | Temple   | Became a worshipper of the Shining One
  2569 | D:4      | Reached XP level 6. HP: 32/32 MP: 6/8
  2733 | D:4      | Found a blossoming altar of Fedhas.
  2826 | D:4      | Noticed Pikel
  2827 | D:4      | Noticed a slave
  2828 | D:4      | Noticed a slave
  2830 | D:4      | Noticed a slave
  2862 | D:4      | Killed Pikel
  2862 | D:4      | Reached XP level 7. HP: 26/38 MP: 8/10
  2862 | D:4      | Gained mutation: You have razor-sharp teeth. [Vine Stalker growth]
  2862 | D:4      | Reached XP level 8. HP: 29/42 MP: 8/11
  3046 | D:4      | Reached * piety under the Shining One
  3051 | D:4      | Noticed Dowan
  3051 | D:4      | Noticed Duvessa
  3056 | D:4      | Killed Dowan
  3072 | D:4      | Killed Duvessa
  3276 | D:4      | Found Rouget's Weapon Shop.
  3632 | D:5      | Entered Level 5 of the Dungeon
  3934 | D:5      | Reached skill level 5 in Fighting
  4092 | D:5      | Noticed Caiaphas's ghost (amateur MfGl)
  4105 | D:5      | Killed Caiaphas's ghost
  4105 | D:5      | Reached XP level 9. HP: 39/47 MP: 11/13
  4137 | D:5      | Reached skill level 5 in Short Blades
  4360 | D:6      | Reached skill level 5 in Invocations
  4708 | D:6      | Reached ** piety under the Shining One
  4756 | D:6      | Found a shadowy altar of Dithmenos.
  5637 | D:8      | Found Hrra's Humungous Hoard.
  5653 | D:8      | Reached XP level 10. HP: 41/53 MP: 15/15
  5820 | D:8      | Reached skill level 5 in Shields
  5888 | D:8      | Found a snail-covered altar of Cheibriados.
  6144 | D:8      | Reached skill level 5 in Dodging
  6331 | D:9      | Reached *** piety under the Shining One
  6732 | D:8      | Bought the +1 helmet of Asakirr {MP+9} for 424 gold pieces
  6790 | D:9      | Found Inkept's Antique Weapon Shoppe.
  7057 | D:10     | Entered Level 10 of the Dungeon
  7069 | D:10     | Found a staircase to the Lair.
  7112 | Lair:1   | Entered Level 1 of the Lair of Beasts
  7344 | D:10     | Noticed a two-headed ogre
  7356 | D:10     | Killed a two-headed ogre
  7433 | D:10     | Reached XP level 11. HP: 42/58 MP: 17/17
  7549 | D:10     | Noticed Grum
  7574 | D:10     | Killed Grum
  7681 | D:10     | Reached skill level 5 in Armour
  7952 | D:9      | Bought a glowing rapier for 119 gold pieces
  8099 | D:11     | Noticed a cyan ugly thing
  8114 | D:11     | Killed a cyan ugly thing
  8117 | D:11     | Gained mutation: You are partially covered in yellow scales. (AC +2) [mutagenic meat]
  8168 | D:11     | Found a staircase to the Orcish Mines.
  8198 | D:11     | Found a hide-covered altar of Uskayaw.
  8470 | D:11     | Noticed a deep troll earth mage
  8472 | D:11     | Noticed a sphinx
  8488 | D:11     | Killed a sphinx
  8493 | D:11     | Killed a deep troll earth mage
  8497 | D:11     | Got a fine iron ring
  8756 | D:11     | Found a blossoming altar of Fedhas.
  8876 | Lair:1   | Identified the ring of Sif Muna's Esteem {+Fly Dex+2} (You found it on level 11 of the Dungeon)
  9008 | Lair:1   | Noticed Nergalle
  9010 | Lair:1   | Gained mutation: You heal very quickly. [Vine Stalker growth]
  9010 | Lair:1   | Reached XP level 12. HP: 47/65 MP: 19/19
  9044 | Lair:1   | Killed Nergalle
  9045 | Lair:1   | Reached **** piety under the Shining One
 10087 | Lair:2   | Noticed a death yak
 10087 | Lair:2   | Noticed a death yak
 10090 | Lair:2   | Noticed a death yak
 10112 | Lair:2   | Killed a death yak
 10132 | Lair:2   | Killed a death yak
 10149 | Lair:2   | Killed a death yak
 10157 | Lair:2   | Found a staircase to the Snake Pit.
 11052 | Lair:3   | Found a staircase to the Swamp.
 11128 | Lair:3   | Reached skill level 1 in Slings
 11552 | Lair:3   | Reached XP level 13. HP: 70/70 MP: 21/21
 13299 | Lair:5   | Reached skill level 10 in Invocations
 13331 | Lair:5   | Reached skill level 10 in Fighting
 14010 | Lair:6   | Entered Level 6 of the Lair of Beasts
 14013 | Lair:6   | Noticed Josephine
 14013 | Lair:6   | Reached ***** piety under the Shining One
 14077 | Lair:6   | Killed Josephine
 14119 | Lair:6   | Reached XP level 14. HP: 58/77 MP: 22/22
 14165 | Lair:6   | Reached skill level 10 in Short Blades
 14785 | Lair:6   | Got a clouded tin ring
 14791 | Lair:6   | Identified the ring "Poczoil" {rF+ Int+7} (You found it on level 6 of the Lair of Beasts)
 15140 | Lair:6   | Reached skill level 10 in Shields
 15531 | Lair:6   | Found a staircase to the Slime Pits.
 16101 | Orc:1    | Entered Level 1 of the Orcish Mines
 16299 | Orc:1    | Noticed an orc warlord
 16418 | Orc:1    | Killed an orc warlord
 16451 | Orc:1    | Reached XP level 15. HP: 80/82 MP: 24/24
 16593 | Orc:1    | Found Lymawkam's Armour Emporium.
 16601 | Orc:1    | Bought a +0 cloak for 49 gold pieces
 16669 | Orc:2    | Entered Level 2 of the Orcish Mines
 16864 | Orc:2    | Found an iron altar of Okawaru.
 17020 | Orc:2    | Found a staircase to the Elven Halls.
 17022 | Orc:2    | Found a roughly hewn altar of Beogh.
 17193 | Orc:2    | Reached ****** piety under the Shining One
 17221 | Orc:2    | Found Ofyfogaw's Armour Shoppe.
 17221 | Orc:2    | Found Zaunn's Food Boutique.
 17245 | Orc:2    | Found a roughly hewn altar of Beogh.
 17286 | Orc:2    | Found Efuf's Food Shoppe.
 17286 | Orc:2    | Found Ates Vih's Antique Armour Boutique.
 17358 | Orc:2    | Bought the +3 steam dragon scales "Ughiy" {rElec} for 828 gold pieces
 18154 | D:12     | Found a roughly hewn altar of Beogh.
 19052 | D:13     | Found Zokhly's Magic Scroll Shoppe.
 19067 | D:13     | Bought a scroll of enchant armour for 120 gold pieces
 19067 | D:13     | Bought a scroll of silence for 120 gold pieces
 19370 | D:13     | Gained mutation: You occasionally shout uncontrollably at your foes. [mutagenic meat]
 19850 | Lair:1   | Learned a level 1 spell: Apportation
 19854 | Lair:1   | Learned a level 3 spell: Lesser Beckoning
 19857 | Lair:1   | Learned a level 2 spell: Passwall
 19976 | D:14     | Found a gate to the Vaults.
 20004 | D:14     | Found Pomuor's Assorted Antiques.
 20043 | D:14     | Found a portal to a secret trove of treasure.
 20101 | D:14     | Found a labyrinth entrance.
 20112 | Lab      | Entered a labyrinth
 20887 | D:13     | Bought a scroll of brand weapon for 320 gold pieces
 21065 | D:14     | Noticed a fire giant
 21065 | D:14     | Noticed a frost giant
 21083 | D:14     | Killed a frost giant
 21091 | D:14     | Killed a fire giant
 21094 | D:14     | Identified the Catalogue of Boosting Conjuration
 21240 | D:14     | Learned a level 1 spell: Infusion
 21342 | D:14     | Reached XP level 16. HP: 85/88 MP: 26/26
 21767 | D:15     | Entered Level 15 of the Dungeon
 21904 | D:15     | Gained mutation: You tend to lose your temper in combat. [mutagenic meat]
 21905 | D:15     | Gained mutation: You are agile. (Dex +2) [mutagenic meat]
 21906 | D:15     | Gained mutation: Your spells are a little easier to cast, but a little less powerful. [mutagenic meat]
 21907 | D:15     | Gained mutation: You evolve. [mutagenic meat]
 21908 | D:15     | Gained mutation: You are robust. (+10% HP) [mutagenic meat]
 21941 | D:15     | Gained mutation: You have a pair of small horns on your head. [mutagenic meat]
 21942 | D:15     | Gained mutation: Armour fits poorly on your strangely shaped body. [mutagenic meat]
 21977 | D:15     | Found an opulent altar of Gozag.
 22034 | D:15     | Found a staircase to the Depths.
 22227 | D:15     | Lost mutation: Armour fits poorly on your strangely shaped body. [mutagenic meat]
 22228 | D:15     | Lost mutation: You are robust. (+10% HP) [mutagenic meat]
 22834 | Swamp:1  | Entered Level 1 of the Swamp
 22971 | Swamp:1  | Found a basalt altar of Yredelemnul.
 23046 | Swamp:1  | Gained mutation: You are frail. (-10% HP) [evolution]
 23929 | D:14     | You paid a toll of 7 potions of haste to enter a treasure trove
 23930 | Trove    | Entered a treasure trove
 23943 | Trove    | Identified Sif Muna's Volume of the Helpful Entourage
 23959 | Trove    | Identified Sif Muna's Papyrus of the Oath and the Blaze
 24651 | Swamp:2  | Reached skill level 1 in Evocations
 25122 | Swamp:3  | Noticed a thorn hunter
 25157 | Swamp:3  | Killed a thorn hunter
 25157 | Swamp:3  | Reached XP level 17. HP: 16/84 MP: 25/27
 25794 | Swamp:4  | Entered Level 4 of the Swamp
 26210 | Swamp:4  | HP: 2/84 [shambling mangrove (15)]
 26469 | Swamp:4  | Lost mutation: Your spells are a little easier to cast, but a little less powerful. [potion of mutation]
 26469 | Swamp:4  | Lost mutation: You occasionally shout uncontrollably at your foes. [potion of mutation]
 26469 | Swamp:4  | Lost mutation: You tend to lose your temper in combat. [potion of mutation]
 26469 | Swamp:4  | Lost mutation: You are frail. (-10% HP) [potion of mutation]
 26498 | Swamp:4  | Gained mutation: You have sharp toenails. [evolution]
 26562 | Swamp:4  | Identified the +2 ring mail of Duty {rElec} (You found it on level 4 of the Swamp)
 26612 | Swamp:4  | Got a decaying rune of Zot
 26914 | Snake:1  | Entered Level 1 of the Snake Pit
 27254 | Snake:1  | Reached XP level 18. HP: 67/100 MP: 27/29
 29108 | Snake:2  | Reached skill level 10 in Dodging
 29252 | Snake:3  | Noticed Jorgrun
 29277 | Snake:3  | Killed Jorgrun
 29393 | Snake:3  | Noticed Aizul
 29418 | Snake:3  | Killed Aizul
 29492 | Snake:3  | Noticed Saint Roka
 29523 | Snake:3  | Killed Saint Roka
 29691 | Snake:3  | Gained mutation: Your spells are a little easier to cast, but a little less powerful. [mutagenic meat]
 29693 | Snake:3  | Gained mutation: Your body sometimes deteriorates upon taking damage. [mutagenic meat]
 29694 | Snake:3  | Lost mutation: You are agile. (Dex +2) [mutagenic meat]
 29992 | Snake:4  | Entered Level 4 of the Snake Pit
 29996 | Snake:4  | Got a serpentine rune of Zot
 30005 | Snake:4  | Found Nietta's Armour Emporium.
 30006 | Snake:4  | Found Benwutt's Weapon Emporium.
 30006 | Snake:4  | Found Ucwas's General Store.
 30015 | Snake:4  | Bought a +2 pair of gloves of dexterity for 322 gold pieces
 30026 | Snake:4  | Found Zuipp's Magic Scroll Shoppe.
 30061 | Snake:4  | Bought a scroll of enchant armour for 127 gold pieces
 30064 | Snake:4  | Bought a scroll of enchant armour for 112 gold pieces
 30275 | Snake:4  | Reached XP level 19. HP: 35/105 MP: 30/30
 30600 | Snake:4  | Lost mutation: You have sharp toenails. [mutagenic meat]
 30601 | Snake:4  | Gained mutation: Your muscles are strong. (Str +2) [mutagenic meat]
 30603 | Snake:4  | Lost mutation: Your body sometimes deteriorates upon taking damage. [mutagenic meat]
 31173 | Snake:4  | Gained mutation: You are dopey. (Int -2) [mutagenic meat]
 31174 | Snake:4  | Lost mutation: Your muscles are strong. (Str +2) [mutagenic meat]
 31175 | Snake:4  | Gained mutation: You possess an exceptional clarity of mind. [mutagenic meat]
 31184 | Snake:4  | Gained mutation: You expend magic power (3 MP) to strengthen your wands. [mutagenic meat]
 31185 | Snake:4  | Gained mutation: Your system is resistant to poisons. (rPois) [mutagenic meat]
 31186 | Snake:4  | Gained mutation: You are resistant to hostile enchantments. (MR+) [mutagenic meat]
 31187 | Snake:4  | Gained mutation: You can translocate small distances at will. [mutagenic meat]
 31895 | Elf:1    | Entered Level 1 of the Elven Halls
 32432 | Elf:1    | Found Vuun's Gadget Shop.
 32672 | Elf:2    | Found a deep blue altar of Sif Muna.
 32806 | Elf:2    | Gained mutation: You have large cloven feet. [mutagenic meat]
 32808 | Elf:2    | Gained mutation: You passively map a small area around you. [mutagenic meat]
 32981 | Elf:2    | Found a runed gate.
 32981 | Elf:2    | Found a runed gate.
 32981 | Elf:2    | Found a runed gate.
 33167 | Elf:2    | Noticed Donald
 33175 | Elf:2    | Killed Donald
 33266 | Elf:2    | HP: 5/107 [scimitar of electrocution (5)]
 33268 | Elf:2    | HP: 2/107 [scimitar of electrocution (4)]
 33272 | Elf:2    | The Shining One protects you from harm!
 33272 | Elf:2    | Mangled by a trident of venom

Skill      XL: |  1  2  3  4  5  6  7  8  9 10 11 12 13 14 15 16 17 18 19 |
---------------+----------------------------------------------------------+-----
Short Blades   | 2 4 5 6 8 9 10 11 12 13 14 | 14.6
Stealth        | 1 2 |  2.3
Fighting       | 3 4 5 6 7 8 9 10 11 12 13 14 | 14.4
Dodging        | 1 2 3 4 5 6 7 8 9 10 | 10.9
Invocations    | 1 3 4 5 7 8 9 10 11 12 13 14 | 14.8
Shields        | 3 4 5 6 8 9 10 11 12 13 14 | 14.3
Armour         | 3 4 5 6 7 8 9 |  9.9
Slings         | 1 2 |  2.7
Evocations     | 1 3 4 |  4.2
Spellcasting   | |  0.2

Action                   |  1- 3 |  4- 6 |  7- 9 | 10-12 | 13-15 | 16-18 | 19-21 || total
-------------------------+-------+-------+-------+-------+-------+-------+-------++-------
Melee: Rapier            |    93 |   175 |   168 |   225 |  1372 |       |       ||  2033
       Bite              |    20 |    57 |   129 |   404 |  1195 |   937 |   213 ||  2955
       Dagger            |       |    76 |   226 |   779 |  1306 |  2034 |   540 ||  4961
       Headbutt          |       |       |       |       |       |   596 |   166 ||   762
Invok: Divine Shield     |       |       |       |       |     1 |     1 |       ||     2
       Cleansing Flame   |       |       |       |       |     3 |       |     1 ||     4
       Summon Divine War |       |       |       |       |       |     2 |     1 ||     3
 Abil: Evoke Flight      |       |       |       |       |     1 |    10 |       ||    11
Evoke: Phial of floods   |       |       |       |     1 |     1 |     2 |       ||     4
       Wand              |       |       |       |     2 |     8 |       |     1 ||    11
       Sack of spiders   |       |       |       |       |     2 |       |       ||     2
       Fan of gales      |       |       |       |       |       |       |     1 ||     1
  Use: Scroll            |     4 |     8 |     5 |     8 |    14 |    18 |     5 ||    62
       Potion            |     1 |     4 |     1 |     3 |     1 |     5 |     2 ||    17
  Eat: Chunk             |       |     7 |    11 |    16 |    29 |    37 |    26 ||   126
       Meat ration       |       |       |       |     2 |     1 |     1 |       ||     4
       Royal jelly       |       |       |       |       |       |     1 |       ||     1
       Bread ration      |       |       |       |       |       |     1 |     1 ||     2
       Fruit             |       |       |       |       |       |     2 |       ||     2
Armor: Scale mail        |    46 |    33 |       |       |       |       |       ||    79
       Ring mail         |       |    54 |    94 |   104 |       |       |       ||   252
       Chain mail        |       |       |       |   140 |   517 |       |       ||   657
       Steam dragon scal |       |       |       |       |    61 |   213 |    32 ||   306
       Swamp dragon scal |       |       |       |       |       |       |    34 ||    34
Dodge: Dodged            |    18 |    78 |   122 |   434 |  1150 |  1000 |   218 ||  3020
       Deflected         |       |       |       |     1 |     8 |    43 |    21 ||    73
Block: Shield            |    50 |   103 |   160 |   493 |  1413 |  1233 |     6 ||  3458
       Large shield      |       |       |       |       |       |       |   416 ||   416
